 Dungeon Crawl Stone Soup version 0.30-a0-354-g6b83867211 (webtiles) character file.

Game seed: 4703862941005541663

135 koil the Sneak (level 4, -9/21 HPs)
             Began as a Spriggan Enchanter on Nov 8, 2022.
             Killed by divine providence
             ... invoked by an orc priest
              (10 damage)
             ... on level 3 of the Dungeon.
             The game lasted 00:07:55 (2636 turns).

koil the Sneak (Spriggan Enchanter)                 Turns: 2636, Time: 00:07:56

Health: -9/21      AC:  2    Str:  4    XL:     4   Next: 97%
Magic:  4/10       EV: 18    Int: 18    God:
Gold:   143        SH:  0    Dex: 15    Spells: 5/10 levels left

rFire   + . .      SeeInvis +    a - +1 dagger
rCold   x . .      Faith    .    (no shield)
rNeg    . . .      Spirit   .    b - +0 robe
rPois   .          Reflect  .    (helmet restricted)
rElec   .          Harm     .    (no cloak)
rCorr   .          Rampage  .    (gloves unavailable)
Will    .....                    (boots unavailable)
Stlth   +++.......               (no amulet)
HPRegen 0.23/turn                d - ring of fire
MPRegen 0.12/turn                (no ring)

@: very slightly contaminated, very quick
A: very small, no large weapons, unfitting armour, see invisible, speed 3
a: no special abilities


You were on level 3 of the Dungeon.
You visited 1 branch of the dungeon, and saw 3 of its levels.

You collected 143 gold pieces.

Inventory:

Hand Weapons
 a - a +1 dagger (weapon)
Missiles
 g - 4 poisoned darts (quivered)
 s - a throwing net {!f}
Armour
 b - a +0 robe (worn)
Jewellery
 d - a ring of fire (left hand)
Scrolls
 f - 2 scrolls of identify {unknown}
 j - a scroll of amnesia {unknown}
 k - a scroll of fog {unknown}
 m - a scroll of enchant armour {unknown}
 o - a scroll of noise {unknown}
 r - a scroll of vulnerability {unknown}
 t - a scroll of magic mapping {unknown}
Potions
 c - 2 potions of invisibility
 e - a potion of berserk rage {unknown}
 h - 2 potions of curing {unknown}
 i - 2 potions of might {unknown}
 l - a potion of brilliance {unknown}
 n - 2 potions of flight {unknown}
 p - a potion of attraction {unknown}
 q - 2 potions of magic {unknown}


   Skills:
 + Level 0.1 Fighting
 + Level 2.5 Short Blades
 + Level 3.9 Dodging
 + Level 5.5 Stealth
 + Level 3.6 Spellcasting
 + Level 4.4 Hexes


You had 5 spell levels left.
You knew the following spells:

 Your Spells              Type           Power      Damage    Failure   Level
a - Ensorcelled Hibernat  Hex/Ice        22%        N/A       10%         2
b - Confusing Touch       Hex            19%        N/A       8%          3

Your spell library contained the following spells:

 Spells                   Type           Power      Damage    Failure   Level
 Tukima's Dance           Hex            19%        N/A       8%          3
 Dazzling Flash           Conj/Hex       22%        N/A       19%         3


Dungeon Overview and Level Annotations

Branches:
Dungeon (3/15)

Altars:
Trog

Shops:
D:1 [


Innate Abilities, Weirdness & Mutations

You are very small and have problems with some larger weapons.
You are too small for most types of armour.
You have supernaturally acute eyesight. (SInv)
You cover ground extremely quickly. (Speed+++)


Message History

The orc is almost dead.
The orc shouts!
The orc misses you.
You hit the orc.
You kill the orc!
The orc misses you.
Casting: Ensorcelled Hibernation (safe; 10% risk of failure)
Confirm with . or Enter, or press ? or * to list all spells.
Aiming: Ensorcelled Hibernation (safe; 10% risk of failure)
Press: ? - help, Shift-Dir - straight line, f - orc
Aim: an orc, wielding a +0 short sword and wearing a +0 leather armour (chance to affect: 62%)
The orc resists with significant effort.
The orc misses you.
The orc priest hits you with a +0 hand axe.
The orc hits you with a +0 short sword.
Casting: Ensorcelled Hibernation (safe; 10% risk of failure)
Confirm with . or Enter, or press ? or * to list all spells.
Aiming: Ensorcelled Hibernation (safe; 10% risk of failure)
Press: ? - help, Shift-Dir - straight line, f - orc priest, p - orc
Aim: an orc priest, wielding a +0 hand axe (chance to affect: 45%)
The orc priest resists with some effort.
The orc completely misses you. The orc priest barely misses you.
The orc hits you with a +0 short sword.
Casting: Ensorcelled Hibernation (safe; 10% risk of failure)
Confirm with . or Enter, or press ? or * to list all spells.
Aiming: Ensorcelled Hibernation (safe; 10% risk of failure)
Press: ? - help, Shift-Dir - straight line, f/p - orc priest
Aim: an orc priest, wielding a +0 hand axe (chance to affect: 45%)
You miscast Ensorcelled Hibernation.
You are very lightly contaminated with residual magic.
Nothing appears to happen.
The orc closely misses you. The orc completely misses you.
The orc priest calls down the wrath of Beogh upon you.
Pain shoots through your body!
* * * LOW HITPOINT WARNING * * *
The orc hits you with a +0 short sword.
* * * LOW HITPOINT WARNING * * *
The orc priest invokes the aid of Beogh against you.
Beogh smites you!
You die...

.. #.##### ####..........[# ....
#.....# ##............... ....
#.....######..############.. ....
#.....#...........# #..
....##.....#...........# #..
.............o.........# #..
..........o..o.o.......# #..
.............o.........# #####..
.....†..........@......# #......
...............).......# #......
..............>).......####......
###....#######'#.................
........# #.#.................
........# #.#.................
........# #.#.................
........# #.#.................
........# #...................


You could see an orc priest and 4 orcs.

Vanquished Creatures
  4 gnolls (D:3)
  3 adders
  A worm (D:2)
  A dart slug (D:3)
  4 orcs (D:3)
  3 endoplasms
  4 giant cockroaches
  3 goblins
  9 hobgoblins
  3 jackals (D:2)
  2 quokkas (D:1)
  3 ball pythons
  5 bats
  7 frilled lizards
  8 kobolds
  2 rats
62 creatures vanquished.

Notes
Turn   | Place    | Note
-------+----------+-------------------------------------------
     0 | D:1      | koil the Spriggan Enchanter began the quest for the Orb.
     0 | D:1      | Reached XP level 1. HP: 9/9 MP: 5/5
    22 | D:1      | Found Kevedoih's Armour Shoppe.
   203 | D:1      | Reached XP level 2. HP: 13/13 MP: 6/6
   209 | D:1      | Learned a level 2 spell: Ensorcelled Hibernation
   959 | D:2      | Reached XP level 3. HP: 12/16 MP: 8/8
   981 | D:2      | Learned a level 3 spell: Confusing Touch
  1046 | D:2      | Found a faded altar of an unknown god.
  1161 | D:2      | Reached skill level 5 in Stealth
  1752 | D:3      | Reached XP level 4. HP: 21/21 MP: 7/10
  1762 | D:3      | HP: 4/21 [gnoll/+0 whip (6)]
  2292 | D:3      | Found a bloodstained altar of Trog.
  2633 | D:3      | HP: 4/21 [orc priest/nerve-wracking pain (7)]
  2633 | D:3      | HP: 1/21 [orc/+0 short sword (3)]
  2636 | D:3      | Killed from afar by an orc priest

Illustrated notes

Levels and vault maps discovered:
D:1:      nzn_arrival_crosshair, layout_basic, serial_shops, shop
D:2:      layout_loops_ring, shapermc_ecumenical_altar_acropolis,
          minmay_tromino_v7
D:3:      cheibrodos_thug_alley, layout_basic, trog_wizard

Skill      XL: |  1  2  3 |
---------------+----------+-----
Dodging        | 3 |  3.9
Spellcasting   | 3 |  3.6
Hexes          | 4 |  4.4
Stealth        | 5 |  5.5
Short Blades   | 2 |  2.5
Fighting       | |  0.1

Action                   |  1- 3 |  4- 6 || total
-------------------------+-------+-------++-------
Melee: Dagger            |   150 |    87 ||   237
       Punch             |       |     1 ||     1
 Cast: Ensorcelled Hiber |     8 |    15 ||    23
 Stab: Sleeping          |    16 |     8 ||    24
       Distracted        |       |     2 ||     2
Armor: Robe              |    15 |     2 ||    17
Dodge: Dodged            |   138 |    57 ||   195

Table legend: (Time is in decaauts)
 A = Elapsed time spent in this place.
 B = Non-inter-level travel time spent in this place.
 C = Inter-level travel time spent in this place.
 D = Time resting spent in this place.
 E = Time spent auto-exploring this place.
 F = Levels seen in this place.
 G = Mean time per level.
                   A        B        C        D        E       F      G
               +--------+--------+--------+--------+--------+-----+--------+
         Total |   1906 |   1825 |     81 |    262 |   1037 |   3 |  635.3 |
       Dungeon |   1906 |   1825 |     81 |    262 |   1037 |   3 |  635.3 |
               +--------+--------+--------+--------+--------+-----+--------+

Top non-repeatable levels by time:
     D:3: 689 daAuts
     D:2: 678 daAuts
     D:1: 539 daAuts
